 Dungeon Crawl Stone Soup version 0.28-a0-1117-g0bdd5ba030 (webtiles) character file.

Game seed: 6282589643087937936

420 random13 the Insei (level 6, -3/38 (42) HPs)
             Began as an Octopode Transmuter on Dec 11, 2021.
             Slain by a wight (13 damage)
             ... on level 4 of the Dungeon.
             The game lasted 00:14:51 (4147 turns).

random13 the Insei (Octopode Transmuter)            Turns: 4147, Time: 00:14:51

HP:   -3/38 (42)    AC:  2    Str:  9    XL:     6   Next: 94%
MP:   3/9           EV: 21    Int: 17    God:
Gold: 152           SH:  0    Dex: 18    Spells: 3/9 levels left

rFire   . . .      SeeInvis .     - Unarmed
rCold   . . .      Faith    .   (shield currently unavailable)
rNeg    . . .      Spirit   .   (helmet currently unavailable)
rPois   x          Reflect  .   (no amulet)
rElec   .          Harm     .   (no ring)
rCorr   .          Rampage  .   (no ring)
Will    .....                   (no ring)
Stlth   ++........              (no ring)
HPRegen 0.12/turn               (no ring)
MPRegen 0.11/turn               (no ring)
                                (no ring)
                                (no ring)

@: spider-form, very slightly contaminated, drained
A: venomous fangs, almost no armour, (amphibious), 8 rings, tiny, (camouflage
1), (gelatinous body 1), (nimble swimmer 1), (tentacles)
a: End Transformation


You were on level 4 of the Dungeon.
You were a venomous arachnid creature.
You visited 1 branch of the dungeon, and saw 5 of its levels.

You collected 152 gold pieces.

Inventory:

Missiles
 e - 32 poisoned darts (quivered)
Magical Staves
 k - a staff of earth
Scrolls
 a - 2 scrolls of summoning {unknown}
 b - 3 scrolls of teleportation {unknown}
 f - 2 scrolls of identify {unknown}
 h - 2 scrolls of torment {unknown}
 i - a scroll of enchant armour {unknown}
 m - a scroll of silence {unknown}
 n - a scroll of amnesia {unknown}
Potions
 c - a potion of degeneration {unknown}
 d - 2 potions of curing {unknown}
 g - a potion of invisibility {unknown}
 j - a potion of berserk rage {unknown}
 l - 2 potions of brilliance {unknown}


   Skills:
 - Level 3.0 Fighting
 - Level 4.0 Dodging
 - Level 5.0 Unarmed Combat
 - Level 2.0 Spellcasting
 + Level 3.7 Transmutations


You had 3 spell levels left.
You knew the following spells:

 Your Spells              Type           Power      Damage    Failure   Level
a - Beastly Appendage     Tmut           28%        N/A       13%         1
b - Wereblood             Tmut           14%        N/A       17%         2
c - Spider Form           Tmut/Pois      8%         N/A       47%         3

Your spell library contained the following spells:

 Spells                   Type           Power      Damage    Failure   Level
 Slow                     Hex            4%         N/A       38%         1
 Confusing Touch          Hex            1%         N/A       71%         3
 Tukima's Dance           Hex            1%         N/A       71%         3
 Vampiric Draining        Necr           1%         2d6       71%         3
 Ice Form                 Ice/Tmut       8%         N/A       83%         4
 Passage of Golubria      Tloc           1%         N/A       96%         4
 Yara's Violent Unravell  Hex/Tmut       4%         3d4       98%         5


Dungeon Overview and Level Annotations

Branches:
Dungeon (5/15)
 Temple: D:4-7

Altars:
Kikubaaqudgha
Uskayaw

Shops:
D:2 [


Innate Abilities, Weirdness & Mutations

You are a venomous arachnid creature.
You have poisonous fangs.
You are tiny and dextrous.
Your spellcasting is less reliable in this form.
Your armour is entirely melded.
You are incapable of wielding weapons or throwing items.
You cannot wear most types of armour.
((You are amphibious.))
You can wear up to eight rings at the same time.
((Your skin changes colour to match your surroundings (Stealth+).))
((Your rubbery body absorbs attacks. (AC +1, EV +1)))
((You are camouflaged near water. (Stealth+)))
((You have tentacles for arms and can constrict up to eight enemies at once.))


Message History

The hound skeleton closely misses you. The hound skeleton barely misses you.
You tentacle-slap the hound skeleton.
You destroy the hound skeleton!
Your life force feels restored.
There is a stone staircase leading up here.
You start resting.
Your tentacle spike disappears.
You start resting.
Your magical contamination has completely faded away.
You start resting.
Magic restored.
You start resting.
HP restored.
Casting: Beastly Appendage (safe; 4% risk of failure)
Confirm with . or Enter, or press ? or * to list all spells.
The spell is quite dangerous to miscast (26% risk of failure)!
Continue anyway?
You miscast Spider Form.
You are very lightly contaminated with residual magic.
Your body is flooded with distortional energies.
Casting: Spider Form (quite dangerous; 26% risk of failure)
Confirm with . or Enter, or press ? or * to list all spells.
The spell is quite dangerous to miscast (26% risk of failure)!
Continue anyway?
You turn into a venomous arachnid creature.
You can't go down here!
You climb upwards.
The wight misses you. x2; The wight completely misses you.
The wight hits you with a +2 mace of freezing.
You feel drained. The wight freezes you.
There is a stone staircase leading down here.
You barely miss the wight. The wight misses you. x2
You hit the wight.
The wight is lightly damaged.
The wight closely misses you.
The wight hits you with a +2 mace of freezing!
You feel drained. The wight freezes you!
* * * LOW HITPOINT WARNING * * *
You completely miss the wight.
The wight is lightly damaged.
The wight closely misses you.
The wight hits you with a +2 mace of freezing!
You die...

#..##..##....##......#####.....
#.............#......#...#.....
#.......>.....#......#...#.....
#.......(.....#......#...#...).
##########.##+##......##..#.....
#......###.#.......#+###..####'#
#......#...#.......#..#.....#..#
#......#)..#...z...)..#.....#..#
#......'...#...sz..#..#.....#..#
#......#...#.......#..#.....#..#
#...[..###+#.......#.)##...#####
#####....z...#######..##...#####
#........#..................
#........#..................
#####........########.##.##..###
#.....#####'###...###.##.##..###
#.....#.......#..........#.....#


You could see 2 wights.

Vanquished Creatures
  2 scorpions (D:4)
  A howler monkey (D:4)
  A centaur skeleton (D:4)
  2 hounds (D:4)
  An orc wizard (D:4)
  A hound skeleton (D:5)
  3 gnolls (D:4)
  3 adders
  2 worms
  2 dart slugs
  5 orcs (D:4)
  6 bats
  9 endoplasms
  4 giant cockroaches
  4 goblins
  8 hobgoblins
  6 kobolds
  A quokka (D:1)
  5 ball pythons
  2 frilled lizards (D:3)
  4 rats
72 creatures vanquished.

Vanquished Creatures (others)
  2 withered plants (D:4)
2 creatures vanquished.

Grand Total: 74 creatures vanquished

Notes
Turn   | Place    | Note
-------+----------+-------------------------------------------
     0 | D:1      | random13 the Octopode Transmuter began the quest for the
                  | Orb.
     0 | D:1      | Reached XP level 1. HP: 13/13 MP: 3/3
    86 | D:1      | Reached XP level 2. HP: 10/18 MP: 5/5
   539 | D:1      | Learned a level 2 spell: Wereblood
   622 | D:1      | Reached skill level 4 in Unarmed Combat
   708 | D:1      | Reached XP level 3. HP: 23/23 MP: 6/6
  1087 | D:1      | Learned a level 3 spell: Spider Form
  1119 | D:2      | Found a hide-covered altar of Uskayaw.
  1422 | D:2      | Found Aryc's Antique Armour Boutique.
  1617 | D:3      | Found a faded altar of an unknown god.
  1713 | D:3      | Reached XP level 4. HP: 26/28 MP: 5/7
  2048 | D:4      | Reached skill level 5 in Unarmed Combat
  2200 | D:4      | Noticed a scorpion
  2339 | D:4      | Reached XP level 5. HP: 18/34 MP: 5/8
  2728 | D:4      | Reached XP level 6. HP: 37/41 MP: 9/9
  2927 | D:4      | Found an ancient bone altar of Kikubaaqudgha.
  3736 | D:5      | Entered Level 5 of the Dungeon
  4147 | D:4      | Slain by a wight

Illustrated notes

Levels and vault maps discovered:
D:1:      minmay_arrival_doors, layout_rooms, minmay_misc_feat_room
D:2:      layout_basic, serial_shops, nicolae_shop_behind_doors, basic_altar
D:3:      layout_basic, basic_ecumenical_altar, hex_large,
          hangedman_decor_clover_reticule
D:4:      layout_gridville, kiku_gazebo_garden_becter
D:5:      layout_cave_pools, grunt_ashenzari_visionary
          [grunt_ashenzari_visionary_shoals, grunt_ashenzari_visionary_snake]

Skill      XL: |  1  2  3  4  5  6 |
---------------+-------------------+-----
Unarmed Combat | 4 5 |  5.0
Fighting       | 2 3 |  3.0
Dodging        | 3 4 |  4.0
Transmutations | 3 |  3.7
Spellcasting   | |  2.0

Action                   |  1- 3 |  4- 6 || total
-------------------------+-------+-------++-------
Melee: Unarmed           |   100 |    85 ||   185
       Constrict         |    31 |    12 ||    43
       Tentacles         |    19 |    17 ||    36
       Kick              |     4 |    10 ||    14
       Punch             |     3 |     1 ||     4
Throw: Dart              |       |     3 ||     3
 Cast: Beastly Appendage |     8 |    10 ||    18
       Wereblood         |     1 |       ||     1
       Spider Form       |       |     6 ||     6
 Stab: Sleeping          |     7 |     2 ||     9
Armor: Skin              |    17 |     5 ||    22
Dodge: Dodged            |    53 |    66 ||   119

Table legend: (Time is in decaauts)
 A = Elapsed time spent in this place.
 B = Non-inter-level travel time spent in this place.
 C = Inter-level travel time spent in this place.
 D = Time resting spent in this place.
 E = Time spent auto-exploring this place.
 F = Levels seen in this place.
 G = Mean time per level.
                   A        B        C        D        E       F      G
               +--------+--------+--------+--------+--------+-----+--------+
         Total |   4133 |   4058 |     75 |   1447 |   1627 |   5 |  826.6 |
       Dungeon |   4133 |   4058 |     75 |   1447 |   1627 |   5 |  826.6 |
               +--------+--------+--------+--------+--------+-----+--------+

Top non-repeatable levels by time:
     D:4: 1742 daAuts
     D:1: 1083 daAuts
     D:3: 470 daAuts
     D:2: 466 daAuts
     D:5: 370 daAuts
